 Dungeon Crawl Stone Soup version 0.31-a0-365-gcf821cafb2 (webtiles) character file.

Game seed: 15547808242983734779

84 spiderkeys the Cutter (level 4, -2/33 HPs)
             Began as an Octopode Wanderer on July 27, 2023.
             Was a Believer of Lugonu.
             Slain by an orc
             ... wielding a +0 short sword
              (3 damage)
             ... on level 3 of the Dungeon.
             The game lasted 00:02:58 (1311 turns).

spiderkeys the Cutter (Octopode Wanderer)           Turns: 1311, Time: 00:02:59

Health: -2/33      AC:  1    Str: 12    XL:     4   Next: 45%
Magic:  5/5        EV: 13    Int: 14    God:    Lugonu [**....]
Gold:   44         SH:  0    Dex: 12    Spells: 5/5 levels left

rFire   . . .        a - +3 short sword
rCold   . . .        (no shield)
rNeg    . . .        (helmet restricted)
rPois   .            (no amulet)
rElec   .            v - ring of see invisible
rCorr   .            (no ring)
SInv    +            (no ring)
Will    .....        (no ring)
Stlth   ++           (no ring)
HPRegen 0.25/turn    (no ring)
MPRegen 0.09/turn    (no ring)
                     (no ring)

%: no passive effects
@: no status effects
A: almost no armour, amphibious, 8 rings, camouflage 1, gelatinous body 1,
(nimble swimmer 1), tentacles
a: Renounce Religion, Depart the Abyss, Banish


You were on level 3 of the Dungeon.
You worshipped Lugonu.
Lugonu was pleased with you.
You visited 1 branch of the dungeon, and saw 3 of its levels.

You collected 44 gold pieces.


Innate Abilities, Weirdness & Mutations

You cannot wear most types of armour.
You are amphibious.
You can wear up to eight rings at the same time.
Your skin changes colour to match your surroundings (Stealth+).
Your rubbery body absorbs attacks. (AC +1, EV +1)
((You are camouflaged when in or above water. (Stealth+)))
You have tentacles for arms and can constrict up to eight enemies at once.


   Skills:
 + Level 3.8 Fighting
 - Level 4.1 Short Blades
 - Level 1.0 Axes
 + Level 3.0 Dodging
 - Level 1.3 Spellcasting
 + Level 1.0 Invocations


You had 5 spell levels left.
You didn't know any spells.
Your spell library was empty.

Inventory:

Hand Weapons
 a - a +3 short sword (weapon)
 b - a +0 hand axe
Missiles
 f - 16 stones
Jewellery
 v - a ring of see invisible (left tentacle)
   (You found it on level 1 of the Dungeon)
Scrolls
 e - a scroll of amnesia
Potions
 c - 2 potions of heal wounds {@q2}
 d - 3 potions of attraction {unknown}

Dungeon Overview and Level Annotations

Branches:
Dungeon (3/15) Zot: 16710

Altars:
Lugonu

Shops:
D:2

! #. #. #. #.
#.####
######..>.#
......o...#
#)@..#
.......#.##
########.# #.#
#.### #...#
###<#
#######.#####.#
..............#


You could see an orc.


Message History

Key pressed, stopping explore.
An endoplasm comes into view.
The endoplasm quivers.
You hit the endoplasm. You squeeze the endoplasm.
You kill the endoplasm!
Lugonu accepts your kill.
No target in view!
No target in view!
Key pressed, stopping explore.
You now have 31 gold pieces (gained 4).
Found a stone staircase leading up.
There is a stone staircase leading up here.
An endoplasm comes into view.
The endoplasm quivers.
The endoplasm freezes you.
You are frozen. 😕 HP[-2]
You take 2 damage, and now have 31/33 hp.
You puncture the endoplasm!
You kill the endoplasm!
Lugonu accepts your kill.
No target in view!
Found a stone staircase leading down. 😎 HP[+2]
Your hp is fully restored (33).
g - a scroll labelled FOHENIOBEO Done exploring.
Done exploring.
Done exploring.
As you read the scroll labelled FOHENIOBEO, it crumbles to dust.
It is a scroll of identify.
e - a scroll of amnesia
There is a stone staircase leading down here.
You climb downwards.
There is a stone staircase leading up here.
A dart slug is nearby!
The helpless dart slug fails to defend itself.
You puncture the dart slug!
You kill the dart slug!
Lugonu accepts your kill.
Your Invocations skill increases to level 1!
No target in view!
No target in view!
You now have 44 gold pieces (gained 13).
There is a stone staircase leading up here.
Found a stone staircase leading down.
An orc comes into view. It is wielding a +0 short sword.
An orc is nearby!
An orc and an orc wizard come into view.
You puncture the orc!
You kill the orc!
Lugonu accepts your kill.
The orc wizard shouts!
The orc wizard points at you and mumbles some strange words.
The puff of flame hits you!
The orc shouts!
Your Dodging skill increases to level 3! 😮 HP[-11]
You take 11 damage, and now have 22/33 hp.
MASSIVE DAMAGE!! (PAUSE)
The orc wizard closely misses you.
Things that are here:
a +0 short sword; an orc corpse; 😮 HP[+1]
You hit the orc wizard. Your grab misses the orc wizard.
The orc wizard hits you with a +0 dagger. 😮 HP[-4]
You take 4 damage, and now have 19/33 hp.
You closely miss the orc wizard. Your grab misses the orc wizard.
Your squeeze misses the orc wizard. The orc wizard casts a spell at you.
The puff of flame misses you.
You hit the orc wizard. Your grab misses the orc wizard.
You hit the orc wizard. Your grab misses the orc wizard.
The orc wizard hits you with a +0 dagger.
The orc completely misses you. 😮 HP[-1]
You take 1 damage, and now have 18/33 hp.
You barely miss the orc wizard. Your grab misses the orc wizard.
The orc wizard gestures at you while chanting.
The puff of flame hits you!
* * * LOW HITPOINT WARNING * * *
The orc closely misses you. 😨 HP[-8]
You take 8 damage, and now have 10/33 hp.
MASSIVE DAMAGE!! (PAUSE)
You hit the orc wizard. Your grab misses the orc wizard.
The orc wizard points at you and mumbles some strange words.
The puff of flame hits you!
* * * LOW HITPOINT WARNING * * *
The orc hits you with a +0 short sword.
* * * LOW HITPOINT WARNING * * *
😱 HP[-9]
You take 9 damage, and now have 1/33 hp.
MASSIVE DAMAGE!! (PAUSE)
You barely miss the orc wizard. You grab the orc wizard.
You squeeze the orc wizard. You constrict the orc wizard.
You kill the orc wizard!
Lugonu accepts your kill. The orc hits you with a +0 short sword.
You die...

Skill      XL: |  1  2  3  4 |
---------------+-------------+-----
Spellcasting   | 1 |  1.3
Invocations    | 1 |  1.0
Dodging        | 3 |  3.0
Fighting       | |  3.8
Short Blades   | |  4.1
Axes           | |  1.0

Action                     |  1- 3 |  4- 6 || total
---------------------------+-------+-------++-------
  Melee: Short sword       |    68 |    34 ||   102
         Constrict         |    17 |     6 ||    23
         Tentacles         |    14 |     5 ||    19
    Use: Scroll            |       |     1 ||     1
   Stab: Sleeping          |     2 |     2 ||     4
         Distracted        |     1 |       ||     1
 Armour: Skin              |     4 |     5 ||     9
  Dodge: Dodged            |    34 |    16 ||    50

Levels and vault maps discovered:
D:1:      lordsloth_arrival_two_stooges, layout_basic, basic_ecumenical_altar
D:2:      layout_basic, serial_shops, shop, minmay_goblin_outpost
D:3:      layout_loops_ring, mainiacjoe_overflow_alcove_1, pf_just_have_faith,
          uniq_robin

Notes
Turn   | Place    | Note
-------+----------+-------------------------------------------
     0 | D:1      | spiderkeys the Octopode Wanderer began the quest for the
                  | Orb.
     0 | D:1      | spiderkeys set off with the following items: a +3 short
                  | sword, a +0 hand axe, a potion of heal wounds {@q2}.
     0 | D:1      | Reached XP level 1. HP: 16/16 MP: 1/1
     0 | D:1      | magus.rc [v1.11.6]
   158 | D:1      | Found a faded altar of an unknown god.
   182 | D:1      | Prayed at the altar of an unknown god.
   182 | D:1      | Became a worshipper of Lugonu the Unformed
   182 | D:1      | Reached * piety under Lugonu
   188 | D:1      | Reached XP level 2. HP: 19/21 MP: 2/2
   588 | D:2      | Reached skill level 1 in Spellcasting
   588 | D:2      | Reached XP level 3. HP: 20/26 MP: 4/4
   681 | D:2      | Found Dyem's Distillery.
   701 | D:2      | Reached ** piety under Lugonu
   719 | D:2      | Reached XP level 4. HP: 15/33 MP: 5/5
  1291 | D:3      | Reached skill level 1 in Invocations
  1304 | D:3      | Reached skill level 3 in Dodging
  1310 | D:3      | HP: 3/33 [orc wizard/puff of flame (7)]
  1310 | D:3      | HP: 1/33 [orc/+0 short sword (2)]
  1311 | D:3      | Slain by an orc

Vanquished Creatures
  An orc wizard (D:3)
  2 adders (D:2)
  2 dart slugs
  An orc (D:3)
  5 bats
  3 endoplasms (D:2)
  4 giant cockroaches
  11 goblins
  7 hobgoblins
  7 jackals (D:2)
  3 kobolds
  2 ball pythons
  2 frilled lizards (D:1)
  4 rats
54 creatures vanquished.

Table legend:
 A = Non-vault XP
 B = Vault XP
 C = Vault XP percentage of total XP
 D = Non-vault monster count
 E = Vault monster count
 F = Vault count percentage of total count
                 A         B        C        D         E       F
            +---------+---------+-------+---------+---------+-------
      Total |     142 |      14 |   9.0 |      46 |       8 |  14.8
            +---------+---------+-------+---------+---------+-------
        D:1 |      22 |       0 |   0.0 |      14 |       0 |   0.0
        D:2 |      77 |      14 |  15.4 |      29 |       8 |  21.6
        D:3 |      43 |       0 |   0.0 |       3 |       0 |   0.0
            +---------+---------+-------+---------+---------+-------

Skill      XL: |  1  2  3  4 |
---------------+-------------+-----
Spellcasting   | 1 |  1.3
Invocations    | 1 |  1.0
Dodging        | 3 |  3.0
Fighting       | |  3.8
Short Blades   | |  4.1
Axes           | |  1.0

Action                     |  1- 3 |  4- 6 || total
---------------------------+-------+-------++-------
  Melee: Short sword       |    68 |    34 ||   102
         Constrict         |    17 |     6 ||    23
         Tentacles         |    14 |     5 ||    19
    Use: Scroll            |       |     1 ||     1
   Stab: Sleeping          |     2 |     2 ||     4
         Distracted        |     1 |       ||     1
 Armour: Skin              |     4 |     5 ||     9
  Dodge: Dodged            |    34 |    16 ||    50

Illustrated notes

Table legend:
 A = Kills in this place as a percentage of kills in the entire game.
 B = Kills by you in this place as a percentage of kills by you in the entire game.
 C = Kills by friends in this place as a percentage of kills by friends in the entire game.
 D = Other kills in this place as a percentage of other kills in the entire game.
 E = Experience gained in this place as a percentage of experience gained in the entire game.
 F = Experience gained in this place divided by the number of levels of this place that you have seen.
                   A       B       C       D       E      F
               +-------+-------+-------+-------+-------+----------------------
         Total | 100.0 | 100.0 |   N/A |   N/A | 100.0 |  52.0
       Dungeon | 100.0 | 100.0 |   N/A |   N/A | 100.0 |  52.0
               +-------+-------+-------+-------+-------+----------------------

Table legend: (Time is in decaauts)
 A = Elapsed time spent in this place.
 B = Non-inter-level travel time spent in this place.
 C = Inter-level travel time spent in this place.
 D = Time resting spent in this place.
 E = Time spent auto-exploring this place.
 F = Levels seen in this place.
 G = Mean time per level.
                   A        B        C        D        E       F      G
               +--------+--------+--------+--------+--------+-----+--------+
         Total |   1289 |   1236 |     53 |    106 |    896 |   3 |  429.7 |
       Dungeon |   1289 |   1236 |     53 |    106 |    896 |   3 |  429.7 |
               +--------+--------+--------+--------+--------+-----+--------+

Top non-repeatable levels by time:
     D:2: 709 daAuts
     D:1: 558 daAuts
     D:3: 21 daAuts
